 Dungeon Crawl Stone Soup version 0.23-a0-673-g3803c42f16 (webtiles) character file.

567293 LLavrengius the Petrodigitator (level 27, -4/179 HPs)
             Began as a Gargoyle Earth Elementalist on Jan 8, 2019.
             Was the Champion of Nemelex Xobeh.
             Slain by a freezing wraith (9 damage)
             ... on level 4 of the Vaults on Jan 9, 2019.
             The game lasted 09:44:22 (79975 turns).

LLavrengius the Petrodigitator (GrEE)              Turns: 79975, Time: 09:44:23

Health: -4/179     AC: 47    Str: 19    XL:     27
Magic:  18/45      EV: 11    Int: 26    God:    Nemelex Xobeh [******]
Gold:   1853       SH: 18    Dex: 10    Spells: 12/62 levels left

rFire    + + .     SeeInvis .   o - +8 flail of Karma {elec, rC+}
rCold    + + .     Gourm    .   u - +5 shield {rC+ rF+}
rNeg     + + .     Faith    .   U - +8 ring mail of Sesoawk {Str+2}
rPois    ∞         Spirit   .   Q - +2 hat {MR+}
rElec    +         Reflect  .   S - +1 cloak {rPois}
rCorr    .         Harm     .   q - +2 pair of gloves {archery}
MR       ++++.                  D - +0 pair of boots "Tamitul" {rF+}
Stlth    +.........             E - amulet of magic regeneration
HPRegen  0.39/turn              (no ring)
MPRegen  0.54/turn              O - ring "Sewugh" {rN+ MR+ Int+2}

@: very slightly contaminated
A: big wings, negative energy resistance 1, electricity resistance, unbreathing,
petrification resistance, rot immunity, AC +20
}: 2/15 runes: decaying, gossamer
a: Fly, Draw Escape, Draw Destruction, Draw Summoning, Triple Draw, Deal Four,
Stack Five, Renounce Religion


You were on level 4 of the Vaults.
You worshipped Nemelex Xobeh.
Nemelex Xobeh was exalted by your worship.
You were near starving.

You visited 10 branches of the dungeon, and saw 48 of its levels.
You also visited: Trove and Wizlab.

You collected 7506 gold pieces.
You spent 5653 gold pieces at shops.

Inventory:

Hand Weapons
 e - a +9 sacred scourge of holy wrath
 o - the +8 flail of Karma (weapon) {elec, rC+}
   (You found it on level 5 of the Lair of Beasts)

   Occasionally, upon striking a foe, it will discharge some electrical energy
   and cause terrible harm.
   It protects you from cold.
Missiles
 l - 111 stones (quivered)
 R - 3 throwing nets
Armour
 q - a +2 pair of gloves of archery (worn)
 u - a +5 shield of resistance (worn)
 D - the +0 pair of boots "Tamitul" (worn) {rF+}
   (You acquired it on level 5 of the Depths)

   It protects you from fire.
 Q - a +2 hat of magic resistance (worn)
 S - a +1 cloak of poison resistance (worn)
 U - the +8 ring mail of Sesoawk (worn) {Str+2}
   (You bought it in a shop on level 4 of the Vaults)

   It affects your strength (+2).
Jewellery
 a - an uncursed ring of protection from magic
 w - an uncursed ring of protection from fire
 x - an uncursed ring of fire
 E - an amulet of magic regeneration (around neck)
 N - a +3 ring of strength
 O - the ring "Sewugh" (right hand) {rN+ MR+ Int+2}
   (You took it off an ironheart preserver on level 4 of the Vaults)

   [ring of protection from magic]

   It affects your intelligence (+2).
   It protects you from negative energy.
   It affects your resistance to hostile enchantments.
 V - an uncursed ring of ice
 Z - an uncursed ring of see invisible
Wands
 g - a wand of acid (20)
 s - a wand of iceblast (38)
 J - a wand of digging (25)
 M - a wand of clouds (3)
Scrolls
 c - 2 scrolls of amnesia
 f - 27 scrolls of remove curse
 h - 2 scrolls of silence
 y - 10 scrolls of teleportation
 z - 5 scrolls of identify
 A - 7 scrolls of magic mapping
 B - 5 scrolls of fog
 F - a scroll of enchant armour
 I - 3 scrolls of vulnerability
 K - 4 scrolls of fear
 P - 4 scrolls of enchant weapon
 T - a scroll of summoning
 X - 2 scrolls of blinking
Potions
 i - 3 potions of resistance
 j - 3 potions of heal wounds
 k - 23 potions of curing
 m - 9 potions of brilliance
 r - 2 potions of ambrosia
 t - 6 potions of agility
 v - 4 potions of might
 C - 2 potions of invisibility
 G - 6 potions of haste
 H - 2 potions of mutation
 L - 3 potions of magic
 Y - a potion of cancellation
Miscellaneous
 p - 3 phantom mirrors
 W - 3 sacks of spiders
Comestibles
 b - 5 chunks of flesh
 d - 25 rations


   Skills:
 - Level 20.0 Fighting
 - Level 14.0 Maces & Flails
 - Level 16.0 Armour
 - Level 1.5 Dodging
 - Level 2.1 Stealth
 - Level 15.0 Shields
 - Level 18.0 Spellcasting
 - Level 8.0 Conjurations
 + Level 13.2 Charms
 - Level 4.0 Necromancy
 - Level 3.0 Translocations
 - Level 2.0 Transmutations
 + Level 11.1 Fire Magic
 O Level 27 Earth Magic
 - Level 10.0 Invocations


You had 12 spell levels left.
You knew the following spells:

 Your Spells              Type           Power        Failure   Level  Hunger
a - Sandblast             Erth           ######       0%          1    None
b - Lee's Rapid Deconstr  Erth           ########..   0%          5    None
c - Passwall              Tmut/Erth      #######.     0%          2    None
d - Vampiric Draining     Necr           #####.....   1%          3    None
e - Borgnjor's Vile Clut  Necr/Erth      #######...   1%          5    None
f - Blink                 Tloc           N/A          1%          2    None
g - Petrify               Tmut/Erth      #######.     1%          4    None
h - Stone Arrow           Conj/Erth      ######       0%          3    None
i - Iron Shot             Conj/Erth      #######...   1%          6    ###....
j - Bolt of Magma         Conj/Fire/Erth #######...   1%          5    None
k - Shatter               Erth           ########..   4%          9    #######
l - Regeneration          Chrm/Necr      ######....   1%          3    None
m - Shroud of Golubria    Chrm/Tloc      ######....   1%          2    None

Your spell library contained the following spells:

 Spells                   Type           Power        Failure   Level  Hunger
 Infusion                 Chrm           ####         0%          1    None
 Animate Skeleton         Necr           N/A          1%          1    None
 Apportation              Tloc           #####.       1%          1    None
 Flame Tongue             Conj/Fire      #####        1%          1    None
 Magic Dart               Conj           ####         1%          1    None
 Pain                     Necr           ####         1%          1    None
 Shock                    Conj/Air       ####         1%          1    None
 Sting                    Conj/Pois      ####         1%          1    None
 Corpse Rot               Necr           N/A          1%          2    None
 Searing Ray              Conj           ######       1%          2    None
 Song of Slaying          Chrm           #######.     1%          2    None
 Swiftness                Chrm/Air       ######..     1%          2    None
 Throw Flame              Conj/Fire      ######       1%          2    None
 Conjure Flame            Conj/Fire      ######..     1%          3    None
 Dazzling Spray           Conj/Hex       #####.       1%          3    None
 Ignite Poison            Fire/Tmut/Pois #####...     1%          3    None
 Inner Flame              Hex/Fire       ######..     1%          3    None
 Spectral Weapon          Hex/Chrm       ######..     1%          3    None
 Static Discharge         Conj/Air       #####...     1%          3    None
 Iskenderun's Mystic Bla  Conj           ######..     1%          4    None
 Leda's Liquefaction      Hex/Erth       #######...   1%          4    None
 Sticky Flame             Conj/Fire      ######..     1%          4    None
 Fireball                 Conj/Fire      ######....   1%          5    None
 Iskenderun's Battlesphe  Conj/Chrm      ######..     1%          5    None
 Confusing Touch          Hex            ###...       2%          1    None
 Freeze                   Ice            ###.         2%          1    None
 Summon Small Mammal      Summ           ###.         2%          1    None
 Gell's Gravitas          Tloc           #####.....   2%          3    None
 Lesser Beckoning         Tloc           #####.....   2%          3    None
 Teleport Other           Tloc           #####...     2%          3    None
 Excruciating Wounds      Chrm/Necr      ######....   2%          5    None
 Mephitic Cloud           Conj/Pois/Air  #####...     3%          3    None
 Force Lance              Conj/Tloc      ######..     3%          4    None
 Call Imp                 Summ           ###.....     4%          2    None
 Ensorcelled Hibernation  Hex/Ice        ###...       4%          2    None
 Slow                     Hex            ###.....     4%          2    None
 Portal Projectile        Hex/Tloc       ####..       4%          3    None
 Animate Dead             Necr           N/A          5%          4    None
 Fulminant Prism          Conj/Hex       #####.....   5%          4    None
 Throw Icicle             Conj/Ice       #####...     5%          4    None
 Bolt of Draining         Conj/Necr      ######....   7%          5    None
 Call Canine Familiar     Summ           ###.....     9%          3    None
 Confuse                  Hex            ###.....     9%          3    None
 Summon Guardian Golem    Hex/Summ       ###.....     9%          3    None
 Passage of Golubria      Tloc           N/A          9%          4    None
 Bolt of Fire             Conj/Fire      ######....   9%          6    ###....
 Irradiate                Conj/Tmut      #####.....   10%         5    None
 Lehudib's Crystal Spear  Conj/Erth      #######...   14%         8    ######.
 Agony                    Necr           #####...     16%         5    None
 Dispel Undead            Necr           #####...     16%         5    None
 Lightning Bolt           Conj/Air       #####.....   16%         5    None
 Venom Bolt               Conj/Pois      #####.....   16%         5    None
 Ring of Flames           Chrm/Fire      ######....   16%         7    #####..
 Ice Form                 Ice/Tmut       ####....     19%         4    None
 Airstrike                Air            ###.......   28%         4    None
 Cause Fear               Hex            ###.......   28%         4    None
 Summon Ice Beast         Ice/Summ       ###.....     28%         4    None
 Summon Lightning Spire   Summ/Air       ###.....     28%         4    None
 Deflect Missiles         Chrm/Air       ######....   28%         6    ###....
 Summon Forest            Summ/Tloc      ####......   38%         5    None
 Alistair's Intoxication  Tmut/Pois      ####....     45%         5    None
 Yara's Violent Unravell  Hex/Tmut       ####......   45%         5    None
 Aura of Abjuration       Summ           ###.......   61%         5    None
 Metabolic Englaciation   Hex/Ice        ###.......   61%         5    None
 Silence                  Hex/Air        ###.......   61%         5    None
 Bolt of Cold             Conj/Ice       #####.....   63%         6    ###....
 Conjure Ball Lightning   Conj/Air       #####.....   63%         6    ###....
 Poison Arrow             Conj/Pois      #####.....   63%         6    ###....
 Hydra Form               Tmut           ####......   88%         6    ###....
 Ignition                 Fire           ######....   88%         8    ######.
 Darkness                 Hex            ###.......   99%         6    ###....
 Ozocubu's Refrigeration  Ice            ###.......   99%         6    ###....
 Shadow Creatures         Summ           N/A          99%         6    ###....
 Spellforged Servitor     Conj/Summ      #####.....   99%         7    #####..
 Dragon Form              Tmut           ####......   100%        7    #####..
 Malign Gateway           Summ/Tloc      ####......   100%        7    #####..
 Summon Greater Demon     Summ           ###.......   100%        7    #####..
 Summon Hydra             Summ           ###.......   100%        7    #####..
 Chain Lightning          Conj/Air       #####.....   100%        8    ######.
 Controlled Blink         Tloc           N/A          100%        8    ######.
 Discord                  Hex            ###.......   100%        8    ######.
 Fire Storm               Conj/Fire      ######....   100%        9    #######
 Glaciate                 Conj/Ice       #####.....   100%        9    #######
 Tornado                  Air            ###.......   100%        9    #######
 Sublimation of Blood     Necr           Unusable     N/A         2    N/A
 Statue Form              Tmut/Erth      Unusable     N/A         6    N/A

Dungeon Overview and Level Annotations

Branches:
Dungeon (15/15)            Temple (0/1) D:6            Lair (6/6) D:10
  Swamp (4/4) Lair:4       Spider (4/4) Lair:4        Slime (0/5) Lair:5
    Orc (2/2) D:10            Elf (3/3) Orc:2        Vaults (5/5) D:13
  Crypt (3/3) Vaults:2       Tomb (0/3) Crypt:3      Depths (5/5) D:15
   Hell (1/1)                 Zot (0/5) Depths:5
    Dis: Hell:1         Geh: Hell:1         Coc: Hell:1         Tar: Hell:1

Altars:
Ashenzari
Dithmenos
Elyvilon
Gozag
Kikubaaqudgha
Nemelex Xobeh
Okawaru
Qazlal
Ru
Xom
Yredelemnul
Zin
The Shining One
Jiyva
Lugonu

Shops:
D:5 =   D:7 !   Orc:2 [!:%:}:(   Elf:1 *   Elf:3 *   Vaults:2 [   Vaults:4 **:

Portals:
Hell: Depths:1 Depths:2 Depths:3 Depths:4 Depths:5
Abyss: Depths:1 Depths:2 Depths:4
Pandemonium: Depths:3
Ziggurat: Depths:5

Annotations:
D:9 1 runed door
Lair:5 1 runed door
Lair:6 3 runed doors, kaisn's ghost, journeyman FoFi
Elf:1 1 runed door, Damamoz's ghost, journeyman CeHu
Depths:2 1 transporter, Vuezevy's ghost, adept SpEn


Innate Abilities, Weirdness & Mutations

You are resistant to torment.
Your stone body is resilient. (AC +20)
You are immune to poison.
Your large and strong wings let you fly indefinitely.
You resist negative energy. (rN+)
You are resistant to electric shocks. (rElec)
You can survive without breathing.
You are immune to petrification.
You are immune to rotting.


Message History

With the way you've been playing, I'm surprised you got this far.
Play time: 09:44:14 (79975 turns) Unknown command.
Eat one of 6 chunks of flesh? (ye/n/q)
You eat one of the 6 chunks of flesh.
This raw flesh tastes terrible.
You are near starving!
You block the golden dragon's attack.
The golden dragon claws you but does no damage.
The golden dragon closely misses you.
The storm dragon breathes lightning at you.
The bolt of lightning hits you! You resist.
* * * LOW HITPOINT WARNING * * *
The bolt of lightning hits the golden dragon.
The golden dragon resists.
The freezing wraith hits you!
* * * LOW HITPOINT WARNING * * *
The freezing wraith freezes you. You resist.
* * * LOW HITPOINT WARNING * * *
The freezing wraith hits you!
You die...
Your body glows slightly and disappears.

#.......(.##...### ###...###.'.#
###'########....# #)...##'#+#
....# #...## ##.).'..'.'
###.########...# #.))#..###
§§#.'......'...## ##...#### #
≈≈#.#......'....# #....#
§≈#.#......##...### ###...##
###.#......##..D))###.....#
....#..)...###.)@).......##
#####......# ##W[D......##
#......# ###.....### #......#
####### #......# #####......#
...##......######################
.).##......##............#......#
...##......##.........[..'......#


You could see a golden dragon, a storm dragon and a freezing wraith.

Vanquished Creatures
  Mennas (Depths:5)
  Mara (Crypt:2)
  3 juggernauts
  Sojobo (Depths:1)
  The ghost of Uler the Warrior, a veteran HuAr of Trog (Vaults:4)
  A shard shrike (Depths:5)
  The ghost of Hucw the Slayer, a veteran GrFi of Gozag (Vaults:4)
  Saint Roka (Vaults:4)
  3 caustic shrikes
  Geryon (Hell)
  A profane servitor (Crypt:3)
  Nikola (Spider:1)
  5 golden dragons
  3 bone dragons
  Jory (Crypt:1)
  6 liches
  3 tentacled monstrosities
  2 titans
  A quicksilver dragon (Depths:3)
  3 deep elf blademasters
  2 deep elf master archers (Elf:3)
  10 ancient champions
  3 sphinxes
  Gastronok (Lair:1)
  Agnes (Spider:4)
  Kirke (Swamp:3)
  2 thorn hunters
  Donald (Elf:2)
  5 shadow dragons
  4 storm dragons
  A tengu reaver (Depths:1)
  5 fire giants
  2 revenants
  16 vault wardens
  6 deep elf sorcerers
  2 draconian scorchers (Depths:5)
  7 frost giants
  A curse skull (Crypt:1)
  An emperor scorpion (Spider:4)
  3 iron dragons
  An orc warlord (Vaults:1)
  5 ghost moths
  Louise (Depths:1)
  8 ghouls
  5 deep elf elementalists
  3 reapers (Hell)
  13 very ugly things
  19 ironheart preservers
  2 spriggan defenders
  A caustic shrike skeleton (Crypt:2)
  A juggernaut skeleton (Depths:3)
  7 vampire knights
  2 war gargoyles
  20 stone giants
  4 entropy weavers
  9 deep elf demonologists
  3 green draconians (Depths:5)
  8 spark wasps
  Azrael (Elf:1)
  11 deep elf annihilators
  2 yellow draconians (Depths:5)
  12 purple draconians
  An ettin (shapeshifter) (D:14)
  14 ettins
  9 statues (WizLab)
  A merfolk javelineer (Depths:5)
  14 ogre magi
  The ghost of guttsta the Grappler, a journeyman TrFi of Ru (D:11)
  8 deep elf death magi
  A crystal guardian (Vaults:5)
  13 fire dragons
  A quicksilver dragon zombie (Crypt:3)
  3 eidola
  Josephine (Spider:1)
  The ghost of WhatIsLove the Cleaver, a journeyman DDFi of Makhleb (D:11)
  7 deep elf high priests
  The ghost of Shaidar the Basher, a journeyman MiBe of Trog (D:11)
  10 yaktaur captains
  8 jiangshi
  12 great orbs of eyes
  6 rakshasas
  A ghost crab (Swamp:2)
  22 hydras
  14 ice dragons
  4 shambling mangroves
  Erolcha (D:11)
  36 vault guards
  10 centaur warriors
  14 alligators
  8 spriggan air magi
  6 death knights
  39 two-headed ogres
  6 tengu warriors
  32 dancing weapons
  A death yak (D:10)
  Urug (Orc:1)
  10 deep troll shamans
  10 vampire magi
  The ghost of ilii the Summoner, a novice MfSu of Wu Jian (D:11)
  10 deep troll earth magi
  2 orc high priests
  8 spriggan berserkers
  A shock serpent (shapeshifter) (Depths:4)
  Sonja (Lair:1)
  18 deep elf knights
  2 soul eaters (Hell)
  15 skeletal warriors
  A titan skeleton (Crypt:3)
  5 shadow wraiths (Crypt:3)
  A small abomination (Elf:3)
  3 glowing orange brains
  An iron troll (Depths:3)
  A sea snake (shapeshifter) (Vaults:5)
  11 hell knights
  A deep troll (shapeshifter) (Vaults:3)
  A quicksilver dragon simulacrum (Crypt:3)
  An unseen horror (D:14)
  12 flayed ghosts
  A spriggan druid (Swamp:4)
  4 wizards
  An anaconda zombie (Crypt:1)
  2 sphinx zombies (Vaults:2)
  21 deep trolls
  11 deep elf archers
  12 swamp dragons
  14 phantasmal warriors
  12 ironbrand convokers
  14 orb spiders
  A wolf spider zombie (D:14)
  3 lindwurms (Swamp:4)
  77 deep elf magi
  10 orc knights
  31 ugly things
  4 oklob plants (Lair:5)
  39 wolf spiders
  5 necromancers
  5 cyclopes
  3 orc sorcerers (Orc:2)
  A mana viper (shapeshifter) (Vaults:4)
  4 elephants (Lair:2)
  A moth of wrath (shapeshifter) (D:13)
  A salamander (D:10)
  2 manticores
  4 black mambas
  An elf zombie (Depths:3)
  Joseph (D:9)
  A fire giant skeleton (Depths:3)
  A black mamba (shapeshifter) (Elf:1)
  An eye of devastation (Depths:5)
  2 guardian serpents
  A torpor snail (Lair:2)
  11 vault sentinels
  13 spiny frogs
  3 gargoyles
  An emperor scorpion zombie (Crypt:3)
  A black draconian zombie (Crypt:1)
  A grey draconian zombie (Crypt:2)
  A dire elephant skeleton (Crypt:1)
  A green draconian zombie (Crypt:1)
  A hellion (Hell)
  An alligator snapping turtle skeleton (Crypt:2)
  An efreet (D:13)
  5 komodo dragons
  5 demonic crawlers
  A catoblepas skeleton (Crypt:3)
  8 ice devils (Hell)
  60 yaktaurs
  A red devil (Hell)
  10 freezing wraiths
  A hydra zombie (Hell)
  A polar bear (shapeshifter) (Depths:2)
  13 trolls
  A guardian mummy (Crypt:3)
  3 tengu conjurers
  A yellow draconian skeleton (Crypt:1)
  7 tyrant leeches
  5 polar bears
  A tengu simulacrum (Vaults:2)
  8 bog bodies
  44 jumping spiders
  An iron troll skeleton (Crypt:1)
  2 wind drakes (shapeshifter)
  33 blink frogs
  A hydra skeleton (Crypt:1)
  A hornet (shapeshifter) (Depths:2)
  29 hornets
  A human simulacrum (Vaults:1)
  18 slime creatures
  5 dream sheep (Lair:6)
  9 hippogriffs
  An ettin zombie (Crypt:3)
  A fire dragon zombie (Crypt:3)
  A frost giant simulacrum (Depths:3)
  6 flying skulls (Crypt:1)
  3 air elementals (Elf:1)
  A vampire (Crypt:3)
  A black mamba zombie (Crypt:2)
  7 water elementals
  Sigmund (D:3)
  A centaur simulacrum (D:15)
  17 wraiths
  A redback (shapeshifter) (Depths:4)
  A spriggan (shapeshifter) (Depths:1)
  21 spriggans
  Eustachio (D:5)
  87 redbacks
  33 tarantellas
  2 wyverns
  3 shadows
  3 hogs (Swamp:3)
  70 yaks
  A steam dragon (D:15)
  A golden eye (shapeshifter) (Vaults:2)
  Grum (Lair:1)
  3 basilisks
  A hungry ghost (D:13)
  19 vampire mosquitoes
  7 fire elementals
  5 wargs
  7 insubstantial wisps
  3 soldier ants (D:9)
  15 swamp worms
  8 acid dragons
  2 porcupines
  15 water moccasins
  A floating eye (Depths:5)
  A two-headed ogre skeleton (Crypt:1)
  A hell hound (Elf:1)
  10 swamp drakes
  3 ice beasts
  41 orc warriors
  An eye of draining (Depths:5)
  An eye of draining (shapeshifter) (Vaults:4)
  6 black bears
  4 necrophages
  35 ogres
  6 phantoms
  A boggart (shapeshifter) (Vaults:1)
  A tengu (shapeshifter) (Elf:1)
  27 wolves
  3 sky beasts
  10 boggarts
  16 centaurs
  2 human skeletons (Vaults:2)
  A swamp dragon skeleton (Crypt:1)
  15 crocodiles
  3 big kobolds
  26 bullfrogs
  2 wyvern zombies
  2 earth elementals (Elf:2)
  A hippogriff skeleton (Crypt:3)
  A cyclops zombie (Crypt:1)
  A warg zombie (Crypt:3)
  3 scorpions
  2 wyvern skeletons
  19 killer bees
  A troll skeleton (Crypt:1)
  17 wights
  4 electric eels
  11 howler monkeys
  A wolf skeleton (Crypt:3)
  12 crimson imps
  A bullfrog zombie (D:12)
  2 centaur skeletons
  5 centaur zombies
  8 hounds
  28 orc priests
  2 jellies
  2 bullfrog skeletons
  A basilisk skeleton (Crypt:2)
  2 hell rats (D:10)
  6 iguanas
  39 orc wizards
  18 worker ants
  A tengu zombie (Crypt:3)
  A deep dwarf skeleton (Crypt:2)
  A felid skeleton (Crypt:3)
  3 hound zombies
  2 hound skeletons
  12 mummies (Crypt:3)
  7 gnolls
  A howler monkey skeleton (D:7)
  2 river rats (D:10)
  2 scorpion zombies
  13 adders
  4 shadow imps
  An ooze (D:2)
  3 adder skeletons
  4 dart slugs
  4 worms
  3 leopard geckos
  78 orcs
  5 ball pythons
  5 giant cockroaches
  3 hobgoblins (D:2)
  8 jackals
  4 kobolds
  4 quokkas
  A ball python skeleton (D:5)
  9 bats
  4 frilled lizards
  4 goblins
  2 leopard gecko skeletons
  A quokka zombie (D:5)
  5 rats
  A rat skeleton (Crypt:1)
  A rat zombie (Crypt:3)
  A bush (Lair:3)
  2 crawling corpses (Elf:3)
  2 fungi (Lair:2)
  4 plants
2240 creatures vanquished.

Vanquished Creatures (collateral kills)
  Xtahua (Depths:4)
  A caustic shrike (Depths:3)
  A quicksilver dragon (Depths:3)
  2 tengu reavers (Depths:1)
  An iron dragon (Depths:3)
  A frost giant (Depths:1)
  A reaper (Hell)
  An ironheart preserver (Vaults:3)
  A yaktaur captain (Depths:4)
  Fannar (D:12)
  An ice dragon (Depths:1)
  A rakshasa (Depths:1)
  2 vault guards (Vaults:3)
  A hydra (Swamp:4)
  A dancing weapon (Elf:2)
  2 death yaks (D:10)
  A hell knight (Depths:5)
  A deep elf knight (Elf:2)
  An unseen horror (D:10)
  A deep troll (Depths:4)
  A flayed ghost (Depths:3)
  An anaconda zombie (Hell)
  2 swamp dragons (Swamp:4)
  An orc sorcerer (Orc:2)
  6 elephants
  3 yaktaurs (Depths:1)
  A red devil (Hell)
  3 hornets (Swamp:4)
  A yak (D:10)
  A swamp worm (Swamp:4)
  A porcupine (D:10)
  2 wolves (Lair:1)
  3 bullfrogs
  A crimson imp (D:10)
  An orc priest (Orc:2)
  2 orc wizards (D:10)
  2 hell rats (D:10)
  A hound zombie (D:10)
  2 orcs (D:10)
  4 briar patches (Swamp:4)
62 creatures vanquished.

Vanquished Creatures (others)
  An entropy weaver (Spider:1)
  A vault guard (D:13)
  An unseen horror (D:10)
  2 deep elf magi
  A jumping spider (Spider:4)
  A troll (Vaults:3)
  A hornet (Swamp:4)
  2 tarantellas (Spider:1)
  A spriggan (Swamp:4)
  3 redbacks (Spider:1)
  A sky beast (D:5)
  2 orc warriors (Vaults:3)
  A gnoll sergeant (D:5)
  A scorpion (D:5)
  A hound (D:5)
  An orc priest (Vaults:3)
  An orc wizard (Orc:2)
  A leopard gecko (D:5)
  2 orcs (Vaults:3)
  A frilled lizard (D:5)
  3 briar patches (Swamp:4)
  23 fungi
  12 plants
  2 withered plants (D:11)
66 creatures vanquished.

Grand Total: 2368 creatures vanquished

Notes
Turn   | Place    | Note
-------+----------+-------------------------------------------
     0 | D:1      | LLavrengius the Gargoyle Earth Elementalist began the quest
                  | for the Orb.
     0 | D:1      | Reached XP level 1. HP: 10/10 MP: 3/3
    53 | D:1      | Reached skill level 4 in Earth Magic
   204 | D:1      | Reached XP level 2. HP: 10/15 MP: 5/5
   786 | D:2      | Reached skill level 5 in Earth Magic
   786 | D:2      | Reached XP level 3. HP: 11/19 MP: 6/6
  1079 | D:2      | Reached XP level 4. HP: 10/24 MP: 2/7
  1763 | D:2      | Reached skill level 6 in Earth Magic
  1978 | D:2      | Found a faded altar of an unknown god.
  2003 | D:2      | Became a worshipper of Nemelex Xobeh the Trickster
  2003 | D:2      | Received a gift from Nemelex Xobeh
  2003 | D:2      | Reached * piety under Nemelex Xobeh
  2509 | D:3      | Reached XP level 5. HP: 24/28 MP: 3/8
  2603 | D:3      | Reached skill level 7 in Earth Magic
  2788 | D:3      | Learned a level 5 spell: Lee's Rapid Deconstruction
  2791 | D:3      | Learned a level 2 spell: Passwall
  2802 | D:3      | Found a sacrificial altar of Ru.
  2802 | D:3      | Found a shattered altar of Ashenzari.
  2890 | D:3      | Found an ancient bone altar of Kikubaaqudgha.
  3078 | D:3      | Noticed Sigmund
  3092 | D:3      | Killed Sigmund
  3092 | D:3      | Reached skill level 8 in Earth Magic
  3092 | D:3      | Reached XP level 6. HP: 22/32 MP: 4/9
  3420 | D:4      | Received a gift from Nemelex Xobeh
  3487 | D:4      | Reached skill level 9 in Earth Magic
  3490 | D:4      | Reached XP level 7. HP: 36/36 MP: 8/10
  3538 | D:4      | Reached skill level 1 in Fighting
  3855 | D:4      | Found a glowing silver altar of Zin.
  4139 | D:4      | Found a glowing golden altar of the Shining One.
  4520 | D:5      | Entered Level 5 of the Dungeon
  4582 | D:5      | Received a gift from Nemelex Xobeh
  4619 | D:5      | Found Zaguptem's Jewellery Emporium.
  4619 | D:5      | Reached ** piety under Nemelex Xobeh
  4628 | D:5      | Reached skill level 10 in Earth Magic
  4670 | D:5      | Reached skill level 1 in Maces & Flails
  4831 | D:5      | Reached XP level 8. HP: 43/46 MP: 11/11
  5210 | D:5      | Found a shimmering altar of Xom.
  5271 | D:5      | Noticed Eustachio
  5283 | D:5      | Killed Eustachio
  5283 | D:5      | Reached skill level 5 in Fighting
  5504 | D:6      | Found a shadowy altar of Dithmenos.
  5665 | D:6      | Reached skill level 1 in Armour
  5793 | D:6      | Reached XP level 9. HP: 20/55 MP: 9/13
  6307 | D:6      | Reached skill level 5 in Maces & Flails
  6432 | D:6      | Reached skill level 1 in Shields
  6484 | D:6      | Found a staircase to the Ecumenical Temple.
  6841 | D:7      | Reached *** piety under Nemelex Xobeh
  7018 | D:7      | Reached XP level 10. HP: 53/63 MP: 17/17
  7044 | D:7      | Reached skill level 5 in Spellcasting
  7324 | D:7      | Found a sparkling altar of Nemelex Xobeh.
  7566 | D:7      | Found Nuorezi's Distillery.
  7577 | D:7      | Bought a potion of heal wounds for 70 gold pieces
  7577 | D:7      | Bought a potion of invisibility for 112 gold pieces
  8079 | D:8      | Found an iron altar of Okawaru.
  8144 | D:8      | You fall through a shaft for 2 floors!
  8144 | D:10     | Entered Level 10 of the Dungeon
  8323 | D:9      | Found a basalt altar of Yredelemnul.
  8367 | D:10     | Found a staircase to the Orcish Mines.
  8386 | D:10     | Found a staircase to the Lair.
  8386 | D:10     | Noticed a death yak
  8402 | D:10     | Received a gift from Nemelex Xobeh
  8423 | D:10     | Killed a death yak
  8448 | D:10     | Noticed a death yak
  8456 | D:10     | Killed a death yak
  8456 | D:10     | Reached skill level 10 in Fighting
  8511 | D:10     | Noticed a death yak
  8545 | D:10     | Killed a death yak
  8545 | D:10     | Reached XP level 11. HP: 23/73 MP: 9/22
  8824 | D:10     | Noticed a two-headed ogre
  8828 | D:10     | Killed a two-headed ogre
  9312 | D:10     | Noticed Harold
  9334 | D:10     | Killed an unseen horror
  9351 | D:10     | Noticed Harold
  9351 | D:10     | Harold changed into Harold the salamander
  9353 | D:10     | Killed an unseen horror
  9354 | D:10     | Killed Harold the salamander
  9812 | D:11     | Received a gift from Nemelex Xobeh
  9836 | D:11     | Reached **** piety under Nemelex Xobeh
  9895 | D:11     | Noticed an eight-headed hydra
  9903 | D:11     | Killed an eight-headed hydra
 10092 | D:11     | Noticed Erolcha
 10101 | D:11     | Killed Erolcha
 10101 | D:11     | Reached XP level 12. HP: 56/82 MP: 1/25
 10348 | D:11     | Reached skill level 10 in Spellcasting
 10636 | D:11     | Noticed a two-headed ogre
 10643 | D:11     | Killed a two-headed ogre
 10791 | D:11     | Received a gift from Nemelex Xobeh
 10938 | D:11     | Found a runed gate.
 10938 | D:11     | Found a runed gate.
 10940 | D:11     | Found a runed gate.
 10941 | D:11     | Noticed guttsta's ghost (journeyman TrFi)
 10941 | D:11     | Noticed WhatIsLove's ghost (journeyman DDFi)
 10943 | D:11     | Noticed Shaidar's ghost (journeyman MiBe)
 11115 | D:11     | Noticed ilii's ghost (novice MfSu)
 11155 | D:12     | Noticed an eight-headed hydra
 11253 | D:12     | Noticed Fannar
 11387 | D:12     | Killed Fannar
 11400 | D:12     | Noticed a two-headed ogre
 11406 | D:12     | Killed a two-headed ogre
 11573 | Lair:1   | Entered Level 1 of the Lair of Beasts
 11786 | Lair:1   | Noticed Gastronok
 11801 | Lair:1   | Killed Gastronok
 12008 | Lair:1   | Noticed Grum
 12027 | Lair:1   | Killed Grum
 12053 | Lair:1   | Received a gift from Nemelex Xobeh
 12185 | Lair:1   | Found a dark tunnel.
 12276 | Lair:1   | Identified the +8 scythe "Ultimatum" {freeze, rF+ Stlth+}
                  | (You found it on level 1 of the Lair of Beasts)
 12396 | Lair:1   | Noticed Sonja
 12412 | Lair:1   | Killed Sonja
 12412 | Lair:1   | Reached XP level 13. HP: 77/90 MP: 0/28
 12930 | Lair:1   | Reached ***** piety under Nemelex Xobeh
 12970 | Lair:1   | Received a gift from Nemelex Xobeh
 13912 | Lair:2   | Learned a level 3 spell: Vampiric Draining
 13977 | Lair:2   | Reached skill level 1 in Necromancy
 13984 | Lair:2   | Received a gift from Nemelex Xobeh
 14926 | Lair:3   | Reached skill level 13 in Earth Magic
 14926 | Lair:3   | Gained mutation: Your large and strong wings let you fly
                  | indefinitely. [Gargoyle growth]
 14926 | Lair:3   | Reached XP level 14. HP: 96/96 MP: 30/30
 15187 | Lair:3   | Reached skill level 15 in Fighting
 15376 | Lair:3   | Received a gift from Nemelex Xobeh
 15410 | Lair:3   | Found a gate leading to a gauntlet.
 15889 | Lair:3   | Received a gift from Nemelex Xobeh
 16682 | Lair:4   | Found a hole to the Spider Nest.
 16684 | Lair:4   | Reached skill level 14 in Earth Magic
 16702 | Lair:4   | Reached XP level 15. HP: 85/103 MP: 4/31
 16832 | Lair:4   | Received a gift from Nemelex Xobeh
 16895 | Lair:4   | Identified the +2 ring mail "Quatueg" {rF++ Str-5} (You
                  | found it on level 4 of the Lair of Beasts)
 17613 | Lair:4   | Received a gift from Nemelex Xobeh
 17621 | Lair:4   | Found a staircase to the Swamp.
 18319 | Lair:5   | Received a gift from Nemelex Xobeh
 18335 | Lair:5   | Reached ****** piety under Nemelex Xobeh
 18870 | Lair:5   | Found a runed door.
 18871 | Lair:5   | Found a viscous altar of Jiyva.
 18871 | Lair:5   | Found a staircase to the Slime Pits.
 18871 | Lair:5   | Noticed an acid blob
 18871 | Lair:5   | Noticed an acid blob
 18874 | Lair:5   | Noticed an acid blob
 19527 | Lair:5   | Identified the Grimoire of the Toxic Birds
 19547 | Lair:5   | Identified the +8 flail of Karma {elec, rC+} (You found it
                  | on level 5 of the Lair of Beasts)
 19601 | Lair:6   | Entered Level 6 of the Lair of Beasts
 19864 | Lair:6   | Reached skill level 15 in Earth Magic
 20228 | Lair:6   | Received a gift from Nemelex Xobeh
 20989 | Lair:6   | Received a gift from Nemelex Xobeh
 21240 | Lair:6   | Noticed kaisn's ghost (journeyman FoFi)
 21265 | Lair:6   | Found a runed gate.
 21265 | Lair:6   | Found a runed gate.
 21265 | Lair:6   | Found a runed gate.
 21816 | Orc:1    | Entered Level 1 of the Orcish Mines
 22033 | Orc:1    | Received a gift from Nemelex Xobeh
 22125 | Orc:2    | Entered Level 2 of the Orcish Mines
 22125 | Orc:2    | Found a staircase to the Elven Halls.
 22215 | Orc:2    | Reached skill level 16 in Earth Magic
 22653 | Orc:2    | Found Hifizody's Book Shop.
 22653 | Orc:2    | Found Maere's Gadget Shop.
 22654 | Orc:2    | Found Onwoakk's Antique Armour Shoppe.
 22844 | Orc:2    | Bought a faintly glowing ring mail for 333 gold pieces
 22854 | Orc:2    | Identified the cursed +0 ring mail "Ycieno" {Int+4} (You
                  | bought it in a shop on level 2 of the Orcish Mines)
 23002 | Orc:2    | Found Duodau's Antique Weapon Shoppe.
 23049 | Orc:2    | Found Pepod's Book Shoppe.
 23049 | Orc:2    | Found Qesinwit's Distillery.
 23049 | Orc:2    | Found Qamiassaz's Book Emporium.
 23052 | Orc:2    | Found Xoaveym's Food Shoppe.
 23059 | Orc:2    | Bought a book of Dreams for 1050 gold pieces
 23065 | Orc:2    | Learned a level 5 spell: Borgnjor's Vile Clutch
 23239 | Orc:1    | Noticed Urug
 23259 | Orc:1    | Killed Urug
 23266 | Orc:1    | HP: 2/105 [stone giant (15)]
 23950 | D:12     | Reached XP level 16. HP: 107/111 MP: 32/32
 23976 | D:12     | Received a gift from Nemelex Xobeh
 24002 | D:12     | Found an iron altar of Okawaru.
 24384 | D:12     | Received a gift from Nemelex Xobeh
 24897 | D:13     | Found a portal to a secret trove of treasure.
 24999 | D:13     | Reached skill level 10 in Maces & Flails
 25085 | Orc:2    | Bought a glowing shield for 277 gold pieces
 25212 | D:13     | Received a gift from Nemelex Xobeh
 25274 | D:13     | Found a gate to the Vaults.
 25595 | D:13     | Reached skill level 17 in Earth Magic
 25908 | D:13     | Reached skill level 5 in Shields
 26311 | D:14     | Received a gift from Nemelex Xobeh
 26330 | D:14     | Found a stormy altar of Qazlal.
 26487 | D:14     | Found a transporter.
 26809 | D:14     | Received a gift from Nemelex Xobeh
 26853 | D:14     | Found a transporter.
 27365 | D:15     | Entered Level 15 of the Dungeon
 28044 | D:15     | Received a gift from Nemelex Xobeh
 28308 | D:15     | Found a staircase to the Depths.
 28518 | D:15     | Identified a scroll of acquirement
 28693 | Swamp:1  | Entered Level 1 of the Swamp
 28723 | Swamp:1  | Received a gift from Nemelex Xobeh
 28727 | Swamp:1  | Learned a level 2 spell: Blink
 28732 | Swamp:1  | Learned a level 4 spell: Petrify
 28736 | Swamp:1  | Learned a level 3 spell: Stone Arrow
 29688 | Swamp:2  | Found an opulent altar of Gozag.
 29747 | Swamp:2  | Noticed a thorn hunter
 29756 | Swamp:2  | Killed a thorn hunter
 30059 | Swamp:2  | Received a gift from Nemelex Xobeh
 30264 | Swamp:1  | Reached XP level 17. HP: 87/117 MP: 33/33
 30389 | Swamp:2  | Reached skill level 18 in Earth Magic
 31113 | Swamp:2  | Received a gift from Nemelex Xobeh
 31477 | Swamp:3  | Reached skill level 10 in Shields
 31612 | Swamp:3  | Reached skill level 1 in Invocations
 31733 | Swamp:3  | Noticed Kirke
 31748 | Swamp:3  | Killed Kirke
 32039 | Swamp:3  | Received a gift from Nemelex Xobeh
 32433 | Swamp:4  | Entered Level 4 of the Swamp
 32803 | Swamp:4  | Reached skill level 5 in Invocations
 33609 | Swamp:4  | Got a decaying rune of Zot
 33890 | Swamp:4  | Received a gift from Nemelex Xobeh
 34334 | Spider:1 | Entered Level 1 of the Spider Nest
 34983 | Spider:1 | Reached XP level 18. HP: 107/123 MP: 19/34
 35101 | Spider:1 | Noticed Josephine
 35113 | Spider:1 | Killed Josephine
 35600 | Spider:1 | Received a gift from Nemelex Xobeh
 35813 | Spider:1 | Noticed Nikola
 35839 | Spider:1 | Killed Nikola
 36222 | Elf:1    | Entered Level 1 of the Elven Halls
 36645 | Elf:1    | Found a runed door.
 36645 | Elf:1    | Noticed Damamoz's ghost (journeyman CeHu)
 37217 | D:8      | Received a gift from Nemelex Xobeh
 37321 | D:8      | You are sucked into a shaft!
 37470 | D:9      | Noticed Joseph
 37488 | D:9      | Killed Joseph
 37543 | D:9      | Found the +9 staff of Olgreb {rPois}
 37574 | D:9      | Found a runed gate.
 37575 | D:9      | Found a runed door.
 37586 | D:9      | Found a runed gate.
 37586 | D:9      | Found a runed gate.
 37597 | D:9      | Found a runed door.
 37604 | D:9      | Reached skill level 1 in Translocations
 38091 | D:5      | Bought an uncursed amulet of magic regeneration for 390
                  | gold pieces
 38269 | D:8      | Received a gift from Nemelex Xobeh
 38575 | Elf:1    | Found Viren's General Store.
 38578 | Elf:1    | Bought a potion of heal wounds for 75 gold pieces
 38596 | Elf:1    | Received a gift from Nemelex Xobeh
 38838 | Elf:1    | Reached skill level 15 in Shields
 38872 | Elf:1    | Identified the Reference Book on Attacks
 39264 | Elf:1    | Received a gift from Nemelex Xobeh
 39399 | Elf:1    | Noticed Azrael
 39411 | Elf:1    | Killed Azrael
 39793 | Elf:2    | Found a magical portal.
 39798 | WizLab   | Entered Iskenderun's Mystic Tower
 39891 | WizLab   | Reached skill level 1 in Conjurations
 40387 | WizLab   | Reached skill level 10 in Invocations
 41146 | WizLab   | Learned a level 6 spell: Iron Shot
 41152 | WizLab   | Learned a level 5 spell: Bolt of Magma
 41360 | WizLab   | Reached XP level 19. HP: 128/128 MP: 24/35
 41672 | WizLab   | Identified Iskenderun's Grimoire of Confrontation
 41672 | WizLab   | Identified Iskenderun's Compendium of Conjuration
 41890 | Elf:2    | Received a gift from Nemelex Xobeh
 42156 | Elf:2    | Found a runed gate.
 42156 | Elf:2    | Found a runed gate.
 42158 | Elf:2    | Found a runed gate.
 42935 | Elf:2    | Noticed Donald
 42974 | Elf:2    | Killed Donald
 43168 | Elf:2    | Reached skill level 5 in Conjurations
 43253 | Elf:2    | Received a gift from Nemelex Xobeh
 43469 | Elf:2    | Reached skill level 1 in Transmutations
 43794 | Elf:3    | Entered Level 3 of the Elven Halls
 43799 | Elf:3    | Reached skill level 19 in Earth Magic
 43968 | Elf:3    | Found Uxunlego's Assorted Antiques.
 43981 | Elf:3    | Bought a scorched morningstar for 171 gold pieces
 43981 | Elf:3    | Bought a hardcover book for 285 gold pieces
 43981 | Elf:3    | Identified the cursed +1 morningstar of the Spectre {elec,
                  | Int+3} (You bought it in a shop on level 3 of the Elven
                  | Halls)
 44087 | Elf:3    | Received a gift from Nemelex Xobeh
 44248 | Elf:3    | Received a gift from Nemelex Xobeh
 44679 | Elf:3    | Identified the amulet of Zidirhot {Acrobat Dex+3}
 45031 | Elf:3    | Reached XP level 20. HP: 105/136 MP: 33/36
 45386 | Elf:3    | Identified the ring "Targhynei" {rCorr rPois Str+4 Dex-3}
 45647 | Elf:3    | Noticed a Brimstone Fiend
 45858 | Elf:3    | Identified the +3 plate armour "Korch" {Dex+4}
 46453 | Elf:3    | Received a gift from Nemelex Xobeh
 47001 | Vaults:1 | Entered Level 1 of the Vaults
 47004 | Vaults:1 | Reached skill level 20 in Earth Magic
 47741 | Vaults:1 | Received a gift from Nemelex Xobeh
 48438 | Vaults:1 | Received a gift from Nemelex Xobeh
 48716 | Vaults:1 | Reached skill level 21 in Earth Magic
 48722 | Vaults:1 | Reached XP level 21. HP: 70/145 MP: 32/37
 49369 | Vaults:1 | Received a gift from Nemelex Xobeh
 49601 | Vaults:2 | Received a gift from Nemelex Xobeh
 49603 | Vaults:2 | Identified the +11 war axe of Valiance {drain, +Blink rPois
                  | rN+ Dex+3} (You found it on level 2 of the Vaults)
 50087 | Vaults:2 | Received a gift from Nemelex Xobeh
 50385 | Vaults:2 | Noticed a bone dragon
 50387 | Vaults:2 | Found a staircase to the Crypt.
 50431 | Vaults:2 | Killed a bone dragon
 50827 | Vaults:2 | Found Zaraor's Antique Armour Boutique.
 50835 | Vaults:2 | Bought a crude chain mail for 256 gold pieces
 50835 | Vaults:2 | Bought a brightly glowing chain mail for 256 gold pieces
 50835 | Vaults:2 | Identified the +1 chain mail "Xyarats" {Str+2} (You bought
                  | it in a shop on level 2 of the Vaults)
 50836 | Vaults:2 | Identified the +3 chain mail of Experimentation {+Inv Str-2
                  | Dex+3 Stlth+} (You bought it in a shop on level 2 of the
                  | Vaults)
 51088 | Vaults:2 | Received a gift from Nemelex Xobeh
 51811 | Vaults:3 | Reached skill level 22 in Earth Magic
 52304 | Vaults:3 | Noticed Saint Roka
 52999 | Vaults:3 | Received a gift from Nemelex Xobeh
 53773 | Vaults:3 | Reached skill level 23 in Earth Magic
 54124 | Vaults:4 | Received a gift from Nemelex Xobeh
 54432 | Vaults:4 | Reached XP level 22. HP: 147/152 MP: 27/38
 54516 | Vaults:4 | Killed Saint Roka
 54606 | Vaults:4 | Found Dogoahux's Book Shoppe.
 54851 | Vaults:4 | Found a large runed door.
 54852 | Vaults:4 | Noticed Hucw's ghost (veteran GrFi)
 54852 | Vaults:4 | Found a large runed door.
 54852 | Vaults:4 | Identified the ring "Sewugh" {rN+ MR+ Int+2}
 54852 | Vaults:4 | Noticed Uler's ghost (veteran HuAr)
 54862 | Vaults:4 | Found Qaur's General Store.
 54871 | Vaults:4 | Reached skill level 5 in Armour
 55073 | Vaults:4 | Received a gift from Nemelex Xobeh
 55430 | Vaults:4 | Reached skill level 24 in Earth Magic
 55848 | Vaults:4 | Found Micvin's Assorted Antiques.
 55884 | Vaults:4 | Bought a polished ring mail for 378 gold pieces
 55884 | Vaults:4 | Identified the +8 ring mail of Sesoawk {Str+2} (You bought
                  | it in a shop on level 4 of the Vaults)
 56332 | Vaults:3 | Identified the +4 long sword "Vunufen" {venom, rF- Str+3
                  | Dex+3} (You found it on level 3 of the Vaults)
 56910 | Spider:2 | Received a gift from Nemelex Xobeh
 57074 | Spider:2 | Received a gift from Nemelex Xobeh
 57150 | Spider:2 | Found a runed door.
 57270 | Spider:2 | Learned a level 9 spell: Shatter
 57775 | Spider:3 | Received a gift from Nemelex Xobeh
 57975 | Spider:4 | Entered Level 4 of the Spider Nest
 58021 | Spider:4 | Noticed Agnes
 58042 | Spider:4 | Killed Agnes
 58042 | Spider:4 | Reached skill level 25 in Earth Magic
 58684 | Spider:4 | Reached XP level 23. HP: 116/156 MP: 0/39
 59063 | Spider:4 | Got a gossamer rune of Zot
 59387 | Depths:1 | Entered Level 1 of the Depths
 59390 | Depths:1 | Noticed Sojobo
 59402 | Depths:1 | Killed Sojobo
 59409 | Depths:1 | Received a gift from Nemelex Xobeh
 59535 | Depths:1 | Reached skill level 10 in Armour
 59596 | Depths:1 | Found a white marble altar of Elyvilon.
 59671 | Depths:1 | Found a gateway to Hell.
 59732 | Depths:1 | Found a one-way gate to the infinite horrors of the Abyss.
 59732 | Depths:1 | Noticed Louise
 59736 | Depths:1 | Killed Louise
 60185 | Depths:1 | Identified the +2 ring mail "Dysujul" {Int+2 Dex+4} (You
                  | found it on level 1 of the Depths)
 60343 | Depths:1 | Received a gift from Nemelex Xobeh
 60582 | Depths:1 | Reached skill level 26 in Earth Magic
 61283 | Depths:2 | Received a gift from Nemelex Xobeh
 61717 | Depths:2 | Received a gift from Nemelex Xobeh
 61725 | Depths:2 | Found a transporter.
 61728 | Depths:2 | Noticed a juggernaut
 61728 | Depths:2 | Noticed Vuezevy's ghost (adept SpEn)
 61747 | Depths:2 | Found a transporter.
 61864 | Depths:2 | You fall through a shaft for 2 floors!
 61883 | Depths:3 | Noticed a caustic shrike
 61883 | Depths:3 | Noticed a caustic shrike
 61883 | Depths:3 | Noticed a juggernaut
 61883 | Depths:3 | Noticed a caustic shrike
 61883 | Depths:3 | Noticed a golden dragon
 61907 | Depths:4 | Noticed a caustic shrike
 61914 | Depths:4 | Killed a caustic shrike
 62222 | Depths:4 | Received a gift from Nemelex Xobeh
 62250 | Depths:4 | Noticed Xtahua
 62254 | Depths:4 | Identified the +0 trident "Emyahoink" {vamp, *Slow Dex+3
                  | SInv}
 62261 | Depths:4 | Killed Xtahua
 62632 | Depths:2 | Found a corrupted altar of Lugonu.
 62735 | Depths:2 | Identified the +10 glaive of Frustration {drain, -Tele rN+
                  | Int+2}
 62743 | Depths:2 | Reached XP level 24. HP: 135/163 MP: 21/39
 62796 | Depths:2 | Received a gift from Nemelex Xobeh
 62841 | Depths:2 | Reached skill level 27 in Earth Magic
 63670 | D:11     | Killed ilii's ghost
 63678 | D:11     | Killed WhatIsLove's ghost
 63689 | D:11     | Killed guttsta's ghost
 63696 | D:11     | Killed Shaidar's ghost
 64681 | Depths:2 | Killed a juggernaut
 65615 | Depths:3 | Received a gift from Nemelex Xobeh
 65625 | Depths:3 | Found a one-way gate leading to the halls of Pandemonium.
 65682 | Depths:3 | Killed a caustic shrike
 65687 | Depths:3 | Killed a caustic shrike
 65689 | Depths:3 | Killed a caustic shrike
 66469 | Depths:3 | Identified the cursed +1 long sword of Laceration {protect,
                  | Dex+7}
 66482 | Depths:3 | Reached skill level 15 in Armour
 67415 | Depths:3 | Identified the Volume of Freezing Bewitchment
 67585 | Depths:3 | Killed a juggernaut
 67585 | Depths:3 | Reached XP level 25. HP: 165/168 MP: 11/41
 67971 | Depths:4 | Noticed a juggernaut
 67983 | Depths:4 | Killed a juggernaut
 67983 | Depths:4 | Reached skill level 15 in Spellcasting
 68061 | Depths:4 | Paralysed by a vampire knight for 3 turns
 68588 | Depths:4 | Received a gift from Nemelex Xobeh
 68976 | Depths:4 | Identified the +4 hand axe "Hydrabane" {venom, Int+4} (You
                  | found it on level 4 of the Depths)
 69020 | Depths:5 | Entered Level 5 of the Depths
 69360 | Depths:5 | Identified the +0 pair of boots "Tamitul" {rF+} (You
                  | acquired it on level 5 of the Depths)
 69404 | Depths:5 | Identified the ring "Koelein" {rF+ Dex+4 Stlth+} (You found
                  | it on level 5 of the Depths)
 69430 | Depths:5 | Noticed Margery
 69462 | Depths:5 | Noticed Margery
 69462 | Depths:5 | Margery changed into Margery the shard shrike
 69463 | Depths:5 | Noticed Mennas
 69642 | Depths:5 | Killed Margery the shard shrike
 69787 | Depths:5 | Killed Mennas
 70346 | Depths:5 | Found a gate to the Realm of Zot.
 70440 | Depths:5 | Identified the +0 scale mail of Inviolability {*Drain rN++}
                  | (You found it on level 5 of the Depths)
 70448 | Depths:5 | Found a gateway to a ziggurat.
 70452 | Depths:5 | Paralysed by a floating eye for 4 turns
 70498 | Depths:5 | Received a gift from Nemelex Xobeh
 71183 | Depths:5 | Upgraded the game from 0.23-a0-666-g28d4f2f0af to
                  | 0.23-a0-673-g3803c42f16
 71240 | Hell     | Entered the Vestibule of Hell
 71240 | Hell     | Noticed Geryon
 71274 | Hell     | Killed Geryon
 71633 | D:13     | You paid a toll of the horn of Geryon to enter a treasure
                  | trove
 71634 | Trove    | Entered a treasure trove
 71647 | Trove    | Identified Sif Muna's Handbook of the Frigorific Rocks
 71671 | Trove    | Identified the Grimoire of the Voyage
 71692 | Trove    | Identified Lom Lobon's Reference Book on the Traveller
 71698 | Trove    | Identified Sif Muna's Incunabulum of Calling and Moulding
 71948 | Vaults:4 | Bought a manual of Charms for 1656 gold pieces
 72108 | Crypt:1  | Entered Level 1 of the Crypt
 72375 | Crypt:1  | Reached skill level 1 in Charms
 72382 | Crypt:1  | Reached skill level 1 in Fire Magic
 72455 | Crypt:1  | Reached XP level 26. HP: 123/174 MP: 18/44
 73365 | Lair:4   | Identified the +5 hunting sling "Atro" {freeze, *Corrode
                  | rF+ MR+ Str+4} (You found it on level 4 of the Lair of
                  | Beasts)
 73529 | Elf:1    | Bought a scroll of silence for 112 gold pieces
 73529 | Elf:1    | Bought a scroll of enchant armour for 112 gold pieces
 73529 | Elf:1    | Bought a potion of invisibility for 120 gold pieces
 74007 | Crypt:1  | Received a gift from Nemelex Xobeh
 74071 | Crypt:1  | Noticed Jory
 74080 | Crypt:1  | Killed Jory
 74348 | Crypt:2  | Received a gift from Nemelex Xobeh
 74778 | Crypt:2  | Reached skill level 5 in Charms
 75396 | Crypt:2  | Noticed Mara
 75436 | Crypt:2  | Killed Mara
 75565 | Crypt:2  | Received a gift from Nemelex Xobeh
 75759 | Crypt:3  | Entered Level 3 of the Crypt
 75818 | Crypt:3  | Reached skill level 5 in Fire Magic
 76748 | Crypt:3  | Received a gift from Nemelex Xobeh
 76968 | Crypt:3  | Found a staircase to the Tomb.
 77038 | Crypt:3  | Reached skill level 10 in Charms
 77270 | Crypt:3  | Found a basalt altar of Yredelemnul.
 77296 | Crypt:3  | Found an ancient bone altar of Kikubaaqudgha.
 77299 | Crypt:3  | Found the +6 Majin-Bo {vamp, Archmagi MP+6 Int+6}
 77310 | Crypt:3  | Identified the amulet of Fosomudy {Acrobat rElec rC- rN+
                  | Str+4} (You found it on level 3 of the Crypt)
 77323 | Crypt:3  | Identified the ring of Wureka Impeb {*Drain rElec rPois
                  | rN+} (You found it on level 3 of the Crypt)
 77696 | Crypt:3  | Learned a level 3 spell: Regeneration
 77699 | Crypt:3  | Learned a level 2 spell: Shroud of Golubria
 77989 | Vaults:4 | Killed Hucw's ghost
 79236 | Vaults:4 | Killed Uler's ghost
 79493 | Vaults:5 | Entered Level 5 of the Vaults
 79495 | Vaults:5 | Reached XP level 27. HP: 179/179 MP: 25/45
 79744 | Vaults:4 | Reached skill level 10 in Fire Magic
 79966 | Vaults:5 | Paralysed by fainting for 8 turns
 79975 | Vaults:4 | HP: 5/179 [freezing wraith (4)]
 79975 | Vaults:4 | Slain by a freezing wraith

Vault maps used:
D:1:      saegor_arrival_simple_a
D:2:      minmay_evil_eye, chequers_ecumenical_altar_island, serial_glass,
          glass_columns_a, glass_columns_c, minmay_strange_pillars,
          minmay_strange_pillars, minmay_strange_pillars, first_ration
D:3:      gammafunk_temple_overflow_wave, kiku_gazebo_garden_becter,
          uniq_sigmund
D:4:      lemuel_coloured_pillars_altar, zin_statuary, serial_glass,
          glass_columns_b, glass_columns_a, glass_columns_b, glass_columns_a,
          glass_columns_c, glass_columns_c, glass_columns_b, glass_columns_c,
          minmay_strange_pillars, item_on_display_a, nrook_loot_triangle
D:5:      cheibrodos_barr_body, xom_confusion_cloud, serial_shops, shop,
          uniq_eustachio
D:6:      grunt_dithmenos_smoke_and_mirrors, minmay_temple_entry_overgrown
D:7:      kennysheep_mini, serial_shops, shop
D:8:      old_standard_altar
D:9:      nicolae_overflow_hidden_temple, grunt_ministairs_7,
          minmay_guarded_unrand_staff_of_olgreb, uniq_joseph
D:10:     dpeg_lair_monsters, david_orc_2, minmay_misc_feat_plants,
          blue_anna_alchemist, minmay_between, uniq_harold
D:11:     gammafunk_ghost_cemetery, uniq_erolcha
D:12:     basic_altar, nrook_guardian_serpent_ordinary, uniq_fannar
D:13:     lightli_vaults_fourway_checkpoint, nicolae_trove_entry_crossroad,
          minmay_puff
D:14:     gammafunk_cloud_chamber, grunt_qazlal_sundering
D:15:     grunt_enter_depths_hoard, nicolae_two_hexagons
Lair:1:   enter_volcano_1, serial_bayou_shore_b, uniq_grum, uniq_sonja,
          uniq_gastronok
Lair:3:   gauntlet_entry_generic, chequers_serial_rivers_room_a, wad_woods_06,
          beast_lair_carwin_10, grunt_megastairs_1, infiniplex_staircase_pool
Lair:4:   minmay_swamp_entry_swarm, spider_nest_entry_funnel_web,
          chequers_serial_rivers_small_3, st_stairs_11, beast_lair_carwin_9
Lair:5:   slime_altar_2, minmay_lair_oklob_chamber, grunt_megastairs_4
Lair:6:   minmay_lair_end_enchanted_forest, gammafunk_ghost_split
Swamp:1:  evilmike_swamp_ruin_house_1
Swamp:2:  lemuel_altar_in_water, swamp_pool5
Swamp:3:  evilmike_swamp_ruin_rubble_1, uniq_kirke
Swamp:4:  swamp_alternative
Spider:1: uniq_nikola, uniq_josephine
Spider:2: cheibrodos_spider_deadly_dance
Spider:4: grunt_spider_rune_parallel, spider_trap, uniq_agnes
Orc:1:    nicolae_orc_bridge_out, uniq_urug
Orc:2:    st_orc_mages, serial_shops, nicolae_shop_overgrown_old_shop,
          nicolae_shop_statue_plus, shop, shop
Elf:1:    minmay_elf_arrival_summoners, ebering_ghost_reflecting_pool,
          minmay_elf_annihilation, minmay_shop_star, uniq_azrael
Elf:2:    mu_enter_wizlab_2, evilmike_minifort, uniq_donald
Elf:3:    minmay_elf_hall_curves, serial_shops, shop
Vaults:1: v_alt_pattern_5, special_room_vaults,
          nicolae_vaults_diagonal_hallway_8, ontoclasm_vaults_spin, v_misc_25,
          nicolae_vaults_mini_display_case, nicolae_vaults_little_squares_1,
          vaults_mumra_hexcomb, vaults_room_stairs_pillars,
          vaults_room_semicircle, vaults_room_pools, vaults_dpeg_ring,
          ontoclasm_vaults_claustrophobia, nicolae_vaults_angled_halls
Vaults:2: nicolae_vaults_puzzle_piece, minmay_crypt_entry_nasty_monster,
          v_pattern_4, nicolae_vaults_little_squares_4,
          nicolae_vaults_little_squares_4, v_misc_8, vaults_dpeg_diagonal,
          serial_shops, shop
Vaults:3: nicolae_vaults_meeting, v_misc_25, hangedman_vaults_capsules,
          nicolae_vaults_little_ls, nicolae_vaults_network_star,
          grunt_vaults_hallway_long, ontoclasm_vaults_ring_large,
          nicolae_vaults_sealed_display, uniq_saint_roka
Vaults:4: advil_vaults_ghost_guards, v_misc_19,
          nicolae_vaults_stairing_the_circle, nicolae_vaults_twisting_passages,
          hangedman_vaults_slither, hangedman_vaults_stream,
          ontoclasm_vaults_misaligned, dpeg_vaults_monster_row,
          hangedman_vaults_maws, nicolae_vaults_little_squares_6,
          vaults_dpeg_encased_lava, nicolae_vaults_little_squares_3,
          nicolae_vaults_display_case, nicolae_vaults_diagonal_hallway_6,
          nicolae_vaults_gold_heap, serial_shops, shop, shop_coins, shop_coins
Vaults:5: serial_shops
Crypt:1:  uniq_jory
Crypt:2:  grunt_ministairs_8, minivault_11, uniq_mara
Crypt:3:  lightli_unholy_cathedral,
          nicolae_tomb_entry_unfolded_pyramid_orthogonal,
          minmay_misc_feat_cross, nicolae_crypt_twisting_catacombs
Depths:1: hangedman_decor_cross_pass, hell_entry,
          nicolae_abyss_entry_one_way_or_another, hangedman_corner_corridor,
          serial_bayou_shore_b, uniq_sojobo
Depths:2: minmay_the_grid_square_5x5_3x3, gammafunk_ghost_arena, hell_entry,
          abyss_entry_flame_altar, hangedman_abyss_or_decor_stagger,
          fake_guardian_serpent_vault
Depths:3: grunt_runaround, hell_entry, pan_entry
Depths:4: minmay_tri_box, dk_noncrumbling_4, abyss_entry_crystal,
          pf_vacation_house_of_asmodeus, uniq_xtahua
Depths:5: grunt_x_marks_the_spot, enter_ziggurat_c, hell_entry,
          bh_walls_and_bars, serial_bayou_shore_a, uniq_mennas, uniq_margery
Trove:    trove_library
WizLab:   wizlab_iskenderun

Skill      XL: |  1  2  3  4  5  6  7  8  9 10 11 12 13 14 15 16 17 18 19 20 21 22 23 24 25 26 27 |
---------------+----------------------------------------------------------------------------------+-----
Earth Magic    | 4 5 6 8 9 10 13 14 16 17 18 19 21 23 25 26 27 | 27.0
Fighting       | 3 5 7 10 12 14 15 16 17 18 19 20 | 20.0
Maces & Flails | 1 4 5 7 9 10 13 14 | 14.0
Armour         | 2 4 9 12 15 16 | 16.0
Spellcasting   | 4 7 9 11 12 14 17 18 | 18.0
Shields        | 3 4 9 12 15 | 15.0
Necromancy     | 1 2 4 |  4.0
Invocations    | 8 10 | 10.0
Translocations | 3 |  3.0
Conjurations   | 3 6 8 |  8.0
Transmutations | 2 |  2.0
Charms         | 1 11 13 | 13.2
Fire Magic     | 1 9 11 | 11.1
Dodging        | |  1.5
Stealth        | |  2.1

Action                   |  1- 3 |  4- 6 |  7- 9 | 10-12 | 13-15 | 16-18 | 19-21 | 22-24 | 25-27 || total
-------------------------+-------+-------+-------+-------+-------+-------+-------+-------+-------++-------
Melee: Mace              |    64 |   111 |       |       |       |       |       |       |       ||   175
       Unarmed           |     9 |       |       |       |       |       |       |       |       ||     9
       Whip              |       |    19 |   288 |   441 |   435 |       |       |       |       ||  1183
       Flail             |       |       |       |       |   423 |   970 |  1077 |  1066 |   321 ||  3857
       Staff             |       |       |       |       |       |       |       |    15 |       ||    15
       Sacred scourge    |       |       |       |       |       |       |       |       |   800 ||   800
Throw: Stone             |       |       |       |       |     1 |       |       |       |       ||     1
 Cast: Sandblast         |     6 |    20 |    28 |    93 |   166 |    90 |     5 |     6 |     4 ||   418
       Lee's Rapid Decon |       |       |     8 |    64 |   126 |   108 |   105 |    63 |    11 ||   485
       Borgnjor's Vile C |       |       |       |       |     9 |   169 |   164 |   221 |   136 ||   699
       Iron Shot         |       |       |       |       |       |       |    12 |    77 |    73 ||   162
       Bolt of Magma     |       |       |       |       |       |       |     1 |       |       ||     1
       Stone Arrow       |       |       |       |       |       |       |       |     2 |       ||     2
       Passwall          |       |       |       |       |       |       |       |     1 |       ||     1
       Shatter           |       |       |       |       |       |       |       |    14 |    19 ||    33
       Blink             |       |       |       |       |       |       |       |       |     5 ||     5
       Regeneration      |       |       |       |       |       |       |       |       |     4 ||     4
       Shroud of Golubri |       |       |       |       |       |       |       |       |     4 ||     4
Invok: Deal Four         |       |       |       |       |       |       |     4 |     4 |     2 ||    10
 Abil: Draw Summoning    |       |       |       |    11 |     6 |     1 |       |     3 |     2 ||    23
       Draw Destruction  |       |       |       |     8 |     6 |    10 |       |     4 |     3 ||    31
       Draw Escape       |       |       |       |       |     2 |     8 |     2 |       |       ||    12
       Fly               |       |       |       |       |       |     2 |       |       |       ||     2
       Stop Flying       |       |       |       |       |       |     1 |       |     1 |     1 ||     3
Evoke: Wand              |       |       |       |       |       |       |       |     1 |     1 ||     2
  Use: Scroll            |       |       |    10 |     6 |     9 |    18 |     5 |    12 |    27 ||    87
       Potion            |       |       |       |       |     2 |     4 |       |     8 |     7 ||    21
 Stab: Sleeping          |     2 |     2 |     6 |     2 |     4 |     5 |     4 |       |       ||    25
       Distracted        |       |       |     1 |     2 |     1 |       |     1 |     2 |       ||     7
       Petrified         |       |       |       |       |       |       |     6 |       |       ||     6
       Invisible         |       |       |       |       |       |       |       |    11 |       ||    11
       Held in net/web   |       |       |       |       |       |       |       |     1 |       ||     1
  Eat: Chunk             |       |     8 |    15 |    28 |    45 |    42 |    62 |    63 |    18 ||   281
       Ration            |       |       |       |     1 |     5 |    17 |     8 |    14 |    14 ||    59
Armor: Robe              |    33 |    55 |    43 |       |       |       |       |       |       ||   131
       Leather armour    |       |       |    41 |   250 |   577 |   169 |       |       |       ||  1037
       Steam dragon scal |       |       |       |       |       |   608 |   348 |       |       ||   956
       Scale mail        |       |       |       |       |       |       |    65 |    41 |       ||   106
       Ring mail         |       |       |       |       |       |       |       |   663 |   648 ||  1311
Dodge: Dodged            |    58 |   121 |   153 |   227 |   500 |   521 |   265 |   406 |   264 ||  2515
Block: Buckler           |       |       |       |    87 |   267 |    95 |       |       |       ||   449
       Shield            |       |       |       |       |       |   559 |   522 |   648 |   632 ||  2361

Table legend:
 A = Non-vault XP
 B = Vault XP
 C = Vault XP percentage of total XP
 D = Non-vault monster count
 E = Vault monster count
 F = Vault count percentage of total count
                 A         B        C        D         E       F
            +---------+---------+-------+---------+---------+-------
      Total |  586518 |  708239 |  54.7 |    1422 |     880 |  38.2
            +---------+---------+-------+---------+---------+-------
        D:1 |      15 |       0 |   0.0 |      10 |       0 |   0.0
        D:2 |      89 |      10 |  10.1 |      18 |       5 |  21.7
        D:3 |     140 |     220 |  61.1 |      21 |       1 |   4.5
        D:4 |     416 |       0 |   0.0 |      18 |       0 |   0.0
        D:5 |     520 |     521 |  50.0 |      16 |      11 |  40.7
        D:6 |    1518 |       0 |   0.0 |      26 |       0 |   0.0
        D:7 |    2506 |       0 |   0.0 |      47 |       0 |   0.0
        D:8 |     620 |       0 |   0.0 |      20 |       0 |   0.0
        D:9 |     865 |    1962 |  69.4 |       9 |      23 |  71.9
       D:10 |    6022 |    3026 |  33.4 |      38 |      25 |  39.7
       D:11 |    6332 |    4988 |  44.1 |      37 |       5 |  11.9
       D:12 |    6868 |    1300 |  15.9 |      23 |       2 |   8.0
       D:13 |    6136 |    6102 |  49.9 |      18 |      15 |  45.5
       D:14 |    4650 |     928 |  16.6 |      17 |       6 |  26.1
       D:15 |   17430 |    2054 |  10.5 |      37 |       2 |   5.1
     Lair:1 |    8029 |    3643 |  31.2 |      42 |       7 |  14.3
     Lair:2 |    5893 |     190 |   3.1 |      24 |       2 |   7.7
     Lair:3 |    8565 |    2321 |  21.3 |      27 |      12 |  30.8
     Lair:4 |    6932 |    3191 |  31.5 |      29 |      16 |  35.6
     Lair:5 |    5557 |    2525 |  31.2 |      21 |       6 |  22.2
     Lair:6 |    9406 |    8692 |  48.0 |      33 |      45 |  57.7
    Swamp:1 |    7681 |       0 |   0.0 |      28 |       0 |   0.0
    Swamp:2 |   13067 |     384 |   2.9 |      23 |       3 |  11.5
    Swamp:3 |    8966 |    6780 |  43.1 |      17 |       9 |  34.6
    Swamp:4 |   10437 |   17304 |  62.4 |      30 |      25 |  45.5
   Spider:1 |   18519 |    6222 |  25.1 |      55 |       7 |  11.3
   Spider:2 |   13954 |    8822 |  38.7 |      37 |      19 |  33.9
   Spider:3 |   17591 |       0 |   0.0 |      54 |       0 |   0.0
   Spider:4 |    8325 |   25944 |  75.7 |      21 |      53 |  71.6
      Orc:1 |    2810 |     863 |  23.5 |      23 |       1 |   4.2
      Orc:2 |    1562 |    4442 |  74.0 |      32 |      44 |  57.9
      Elf:1 |   19622 |   10862 |  35.6 |      31 |      21 |  40.4
      Elf:2 |    5072 |   34765 |  87.3 |      11 |      43 |  79.6
      Elf:3 |   22581 |   49045 |  68.5 |      43 |      34 |  44.2
   Vaults:1 |   57625 |   19393 |  25.2 |      92 |      45 |  32.8
   Vaults:2 |   11657 |    6422 |  35.5 |      22 |       7 |  24.1
   Vaults:3 |   37112 |   18256 |  33.0 |      58 |      28 |  32.6
   Vaults:4 |   20477 |   68428 |  77.0 |      30 |      52 |  63.4
   Vaults:5 |    7509 |   54850 |  88.0 |      10 |      47 |  82.5
    Crypt:1 |   19459 |    3813 |  16.4 |      37 |       1 |   2.6
    Crypt:2 |   32027 |   10254 |  24.3 |      52 |       6 |  10.3
    Crypt:3 |   21697 |   44287 |  67.1 |      33 |      45 |  57.7
   Depths:1 |   34312 |   18190 |  34.6 |      38 |      12 |  24.0
   Depths:2 |   31347 |   41447 |  56.9 |      41 |      28 |  40.6
   Depths:3 |     522 |  109535 |  99.5 |       2 |      84 |  97.7
   Depths:4 |   32282 |   20429 |  38.8 |      36 |       7 |  16.3
   Depths:5 |   23394 |   44828 |  65.7 |      25 |      28 |  52.8
       Hell |    8402 |   10595 |  55.8 |      10 |      15 |  60.0
     WizLab |       0 |   30406 | 100.0 |       0 |      33 | 100.0
            +---------+---------+-------+---------+---------+-------
